 Dungeon Crawl Stone Soup version 0.27-a0-1230-gfc7c993222 (webtiles) character file.

Game seed: 9459168234941818282

372 27snakeeyes612 the Chopper (level 6, 0/57 HPs)
             Began as a Naga Fighter on June 8, 2021.
             Slain by an ogre
             ... wielding a +0 giant spiked club
              (15 damage)
             ... on level 4 of the Dungeon.
             The game lasted 00:02:12 (3126 turns).

27snakeeyes612 the Chopper (Naga Fighter)           Turns: 3126, Time: 00:02:13

Health: 0/57       AC:  5    Str: 20    XL:     6   Next: 71%
Magic:  6/6        EV:  5    Int:  9    God:
Gold:   63         SH:  9    Dex: 10    Spells: 5/5 levels left

rFire    . . .     SeeInvis +   a - +1 war axe (spect)
rCold    . . .     Faith    .   c - +0 kite shield
rNeg     . . .     Spirit   .   b - +0 scale mail
rPois    +         Reflect  .   (no helmet)
rElec    .         Harm     .   (no cloak)
rCorr    .         Rampage  .   (no gloves)
Will     .....                  (no barding)
Stlth    ..........             (no amulet)
HPRegen  0.19/turn              (no ring)
MPRegen  0.10/turn              (no ring)

@: very slow
A: AC +2, large, see invisible, deformed body, poison resistance, slowness 2,
spit poison 1, naga tail 1
a: Spit Poison


You were on level 4 of the Dungeon.
You visited 1 branch of the dungeon, and saw 4 of its levels.

You collected 63 gold pieces.

Inventory:

Hand Weapons
 a - a +1 spectral war axe (weapon)
Armour
 b - a +0 scale mail (worn)
 c - a +0 kite shield (worn)
Wands
 k - a wand of mindburst (7) (quivered)
Scrolls
 g - 2 scrolls of enchant armour
 p - a scroll of noise {unknown}
Potions
 h - 2 potions of heal wounds {unknown}
 n - a potion of brilliance {unknown}
 o - 2 potions of degeneration {unknown}


   Skills:
 + Level 4.2 Fighting
 + Level 4.4 Axes
 + Level 3.4 Armour
 + Level 0.9 Dodging
 + Level 0.9 Stealth
 + Level 3.1 Shields
 + Level 0.4 Evocations


You had 5 spell levels left.
You didn't know any spells.
Your spell library contained the following spells:

 Spells                   Type           Power      Damage    Failure   Level
 Foxfire                  Conj/Fire      0%         2x1d4     99%         1
 Conjure Flame            Conj/Fire      0%         6-21      100%        3
 Inner Flame              Hex/Fire       0%         N/A       100%        3
 Sticky Flame             Conj/Fire      0%         2d3       100%        4
 Fireball                 Conj/Fire      0%         3d3       100%        5


Dungeon Overview and Level Annotations

Branches:
Dungeon (4/15)
 Temple: D:4-7

Altars:
Dithmenos

Portals:
Ossuary: D:4

Annotations:
D:3 3 runed translucent doors, Glokmah's ghost, amateur FoAK


Innate Abilities, Weirdness & Mutations

Your serpentine skin is tough. (AC +2)
You have supernaturally acute eyesight. (SInv)
Armour fits poorly on your strangely shaped body.
Your system is resistant to poisons. (rPois)
You cover ground very slowly.
You can spit poison.
You have a snake-like lower body.


Message History

You block the orc's attack. The ogre misses your spectral weapon.
You slash the jackal!
You kill the jackal!
You completely miss the orc.
Your spectral weapon closely misses the orc.
The orc hits you with a +0 falchion. The orc barely misses you.
You see here a jackal corpse.
You slash the orc!
You kill the orc!
Aiming: Mindburst
Press: ? - help, Q - select action, (/) - cycle Shift-Dir - straight line, f - orc priest
Aim: an orc priest, wielding a +0 dagger and wearing a +0 leather armour (chance to affect: 67%)
The orc priest's mind is blasted!
You blow up the orc priest!
Aiming: Mindburst
Press: ? - help, Q - select action, (/) - cycle Shift-Dir - straight line, f - ogre
Aim: an ogre, wielding a +0 giant spiked club (chance to affect: 67%)
The ogre struggles to resist.
Aiming: Mindburst
Press: ? - help, Q - select action, (/) - cycle Shift-Dir - straight line, f/p - ogre
Aim: an ogre, wielding a +0 giant spiked club (chance to affect: 67%)
The ogre struggles to resist.
The ogre barely misses you.
Aiming: Mindburst
Press: ? - help, Q - select action, (/) - cycle Shift-Dir - straight line, f/p - ogre
Aim: an ogre, wielding a +0 giant spiked club (chance to affect: 67%)
The ogre struggles to resist.
The ogre hits you with a +0 giant spiked club!!
* * * LOW HITPOINT WARNING * * *
You hit the ogre.
The ogre is lightly wounded.
The ogre barely misses you.
You slash the ogre!
The ogre is heavily wounded.
The ogre completely misses you.
You barely miss the ogre.
The ogre is heavily wounded.
The ogre hits you with a +0 giant spiked club!
You die...

....# #h#.#
###.#.# #.....#
#..##.# ### +##
####'##.#...
#...#...###.#.#
#.>.#.>.##....#
#...#...###@###
### ##### #O#
#. ... #))..# #
#.∩.##.)..#
.#...#.....#
######+......
....).#.
.......#.#
........# .


You could see an ogre.

Vanquished Creatures
  Sigmund (D:2)
  A scorpion (D:4)
  An orc priest (D:4)
  3 adders (D:2)
  An ufetubus (D:3)
  A worm (D:2)
  4 dart slugs
  11 orcs
  7 endoplasms
  4 giant cockroaches
  5 goblins
  7 hobgoblins
  10 jackals
  2 quokkas
  3 ball pythons (D:3)
  4 bats
  2 frilled lizards
  2 kobolds (D:2)
  2 rats (D:3)
71 creatures vanquished.

Notes
Turn   | Place    | Note
-------+----------+-------------------------------------------
     0 | D:1      | 27snakeeyes612 the Naga Fighter began the quest for the
                  | Orb.
     0 | D:1      | Reached XP level 1. HP: 21/21 MP: 1/1
   231 | D:1      | Reached XP level 2. HP: 28/28 MP: 2/2
   990 | D:1      | Reached XP level 3. HP: 34/34 MP: 3/3
  1398 | D:2      | Noticed Sigmund
  1402 | D:2      | Killed Sigmund
  1403 | D:2      | Reached XP level 4. HP: 21/43 MP: 4/4
  1403 | D:2      | Reached XP level 5. HP: 24/49 MP: 5/5
  1796 | D:2      | Found a shadowy altar of Dithmenos.
  1816 | D:2      | Reached XP level 6. HP: 52/57 MP: 6/6
  2282 | D:3      | Found a runed translucent gate.
  2282 | D:3      | Found a runed translucent gate.
  2284 | D:3      | Found a runed translucent gate.
  2284 | D:3      | Noticed Glokmah's ghost (amateur FoAK)
  3097 | D:4      | Found a sand-covered staircase.
  3126 | D:4      | Slain by an ogre

Illustrated notes

Levels and vault maps discovered:
D:1:      minmay_arrival_glassed_features, layout_basic, minmay_misc_feat_cross,
          hex_medium
D:2:      layout_basic, basic_altar, minmay_tetromino_s4, uniq_sigmund
D:3:      layout_basic, gammafunk_ghost_split
D:4:      layout_loops_ring, tso_oasis_becter, nicolae_qazlal_eye_of_the_storm,
          serial_shops, shop_statue, nicolae_ossuary_entry_false_entrances

Skill      XL: |  1  2  3  4  5  6 |
---------------+-------------------+-----
Axes           | 3 4 |  4.4
Armour         | 3 |  3.4
Fighting       | 4 |  4.2
Shields        | 3 |  3.1
Dodging        | |  0.9
Stealth        | |  0.9
Evocations     | |  0.4

Action                   |  1- 3 |  4- 6 || total
-------------------------+-------+-------++-------
Melee: War axe           |    77 |   118 ||   195
 Abil: Spit Poison       |     1 |       ||     1
Evoke: Wand              |     2 |     5 ||     7
  Use: Scroll            |       |     6 ||     6
Armor: Scale mail        |    49 |    74 ||   123
Dodge: Dodged            |    32 |    32 ||    64
Block: Kite shield       |    43 |    73 ||   116

Table legend: (Time is in decaauts)
 A = Elapsed time spent in this place.
 B = Non-inter-level travel time spent in this place.
 C = Inter-level travel time spent in this place.
 D = Time resting spent in this place.
 E = Time spent auto-exploring this place.
 F = Levels seen in this place.
 G = Mean time per level.
                   A        B        C        D        E       F      G
               +--------+--------+--------+--------+--------+-----+--------+
         Total |   3846 |   3794 |     52 |    734 |   2543 |   4 |  961.5 |
       Dungeon |   3846 |   3794 |     52 |    734 |   2543 |   4 |  961.5 |
               +--------+--------+--------+--------+--------+-----+--------+

Top non-repeatable levels by time:
     D:3: 1412 daAuts
     D:1: 1340 daAuts
     D:2: 996 daAuts
     D:4: 97 daAuts
